 Dungeon Crawl Stone Soup version 0.25-a0-577-ga4619f409e (webtiles) character file.

Game seed: 11345183796173808710, levelgen mode: deterministic

987 Gargoyl the Chopper (level 7, -8/61 HPs)
             Began as a Centaur Abyssal Knight on Mar 2, 2020.
             Was an Elder of Lugonu.
             Mangled by Pikel
             ... wielding a +2 whip of electrocution
              (15 damage)
             ... on level 4 of the Dungeon.
             The game lasted 00:07:27 (3854 turns).

Gargoyl the Chopper (Centaur Abyssal Knight)        Turns: 3854, Time: 00:07:27

Health: -8/61      AC: 10    Str: 15    XL:     7   Next: 97%
Magic:  9/9        EV:  4    Int: 11    God:    Lugonu [****..]
Gold:   173        SH:  0    Dex: 10    Spells: 6/6 levels left

rFire    . . .     SeeInvis .   e - +1 broad axe (vamp)
rCold    . . .     Gourm    .   (no shield)
rNeg     . . .     Faith    .   d - +1 chain mail
rPois    .         Spirit   .   (no helmet)
rElec    .         Reflect  .   (no cloak)
rCorr    .         Harm     .   (no gloves)
MR       .....                  (no barding)
Stlth    ..........             (no amulet)
HPRegen  0.20/turn              b - +4 ring of slaying
MPRegen  0.11/turn              i - +1 ring of protection

@: very quick
A: large, hooves 3, deformed body, speed 2, tough skin 3
a: Depart the Abyss, Bend Space, Banish, Corrupt, Renounce Religion


You were on level 4 of the Dungeon.
You worshipped Lugonu.
Lugonu was greatly pleased with you.
You were hungry.

You visited 1 branch of the dungeon, and saw 5 of its levels.
You visited the Abyss 1 time.

You collected 173 gold pieces.

Inventory:

Hand Weapons
 a - a +1 hand axe
 e - a +1 vampiric broad axe (weapon)
 m - a +3 war axe
Armour
 d - a +1 chain mail (worn)
Jewellery
 b - a +4 ring of slaying (left hand)
 i - a +1 ring of protection (right hand)
 r - a cursed ring of attention {unknown}
Wands
 l - a wand of digging (6)
Scrolls
 o - a scroll of remove curse
 p - 2 scrolls of identify
Potions
 f - 2 potions of heal wounds {unknown}
 g - a potion of brilliance
 h - a potion of degeneration {unknown}
 j - a potion of stabbing {unknown}
 k - 2 potions of curing {unknown}
 n - a potion of invisibility {unknown}
 q - a potion of cancellation {unknown}
 t - a potion of mutation {unknown}
Comestibles
 c - 14 rations


   Skills:
 + Level 5.0 Fighting
 + Level 6.7 Axes
 + Level 2.9 Armour
 + Level 1.0 Dodging
 + Level 2.9 Invocations


You had 6 spell levels left.
You didn't know any spells.
Your spell library contained the following spells:

 Spells                   Type           Power        Failure   Level  Hunger
 Beastly Appendage        Tmut           #.....       100%        1    ##.....
 Sticks to Snakes         Tmut           #.......     100%        2    ###....
 Confusing Touch          Hex            #.......     100%        3    ####...
 Gell's Gravitas          Tloc           #.........   100%        3    ####...
 Spider Form              Tmut/Pois      #.........   100%        3    ####...
 Ice Form                 Ice/Tmut       #.......     100%        4    #####..
 Petrify                  Tmut/Erth      #.......     100%        4    #####..
 Blade Hands              Tmut           #.........   100%        5    ######.
 Metabolic Englaciation   Hex/Ice        #.........   100%        5    ######.
 Yara's Violent Unravell  Hex/Tmut       #.........   100%        5    ######.


Dungeon Overview and Level Annotations

Branches:
Dungeon (5/15)
 Temple: D:4-7

Altars:
Elyvilon
Fedhas
Makhleb
Nemelex Xobeh
Ru
Uskayaw
Wu Jian
Xom

Annotations:
D:4 Pikel


Innate Abilities, Weirdness & Mutations

You have hooves in place of feet.
Armour fits poorly on your strangely shaped body.
You cover ground very quickly.
You have extremely tough skin. (AC +3)


Message History

Lugonu accepts your kill.
You miss Pikel. Your kick misses Pikel.
You feel sick. Pikel hits you but does no damage.
You hit Pikel.
You feel better.
Your kick misses Pikel.
Pikel is lightly wounded.
Pikel barely misses you. Pikel completely misses you.
You closely miss Pikel. You kick Pikel.
Pikel is lightly wounded.
Pikel hits you with a +2 whip of electrocution.
You are electrocuted!
* * * LOW HITPOINT WARNING * * *
Your chain mail prevents you from hitting Pikel.
Your kick misses Pikel.
Pikel is lightly wounded.
You feel sick.
You are no longer poisoned.
Pikel hits you with a +2 whip of electrocution!
* * * LOW HITPOINT WARNING * * *
You are electrocuted!
You die...

....# ###.#......#####.#
....#####.#.#..#.#####.#
................>......#
....#####.#.##.#[#####.#
....# ###.#.##.#.#####.##
....# #...#.##.#p.^.....#
....# #.#.#.##.#p########
....# #.#.#.##.#K#
....###.###.##.#@########
..................[.....#
.###...........#.########
.###...........#.#
...............#.#
####..........##.#
##............##.##
..................#
..............##.##


You could see Pikel and 2 slaves.

Vanquished Creatures
  Sigmund (D:4)
  A slave (D:4)
  An ice beast (D:4)
  A phantom (D:4)
  A centaur (D:2)
  A howler monkey (D:4)
  A crimson imp (D:4)
  5 orc wizards
  2 orc priests (D:3)
  An iguana (D:4)
  Ijyb (D:3)
  A worker ant (D:4)
  8 adders
  5 worms
  2 dart slugs (D:1)
  3 leopard geckos
  19 orcs
  9 bats
  8 giant cockroaches
  10 goblins
  12 hobgoblins
  12 jackals
  3 quokkas
  8 frilled lizards
  8 kobolds
  10 rats
134 creatures vanquished.

Notes
Turn   | Place    | Note
-------+----------+-------------------------------------------
     0 | Abyss:1  | Gargoyl the Centaur Abyssal Knight began the quest for the
                  | Orb.
     0 | Abyss:1  | Reached XP level 1. HP: 19/19 MP: 2/2
    82 | Abyss:2  | Found a corrupted altar of Lugonu.
   159 | Abyss:2  | Noticed a wretched star
   163 | Abyss:2  | Noticed a quasit
   166 | Abyss:2  | Noticed a thrashing horror
   167 | D:1      | Escaped the Abyss
   204 | D:1      | Reached * piety under Lugonu
   483 | D:1      | Reached XP level 2. HP: 26/26 MP: 2/3
   594 | D:1      | Reached skill level 2 in Axes
   729 | D:1      | Reached XP level 3. HP: 31/31 MP: 4/4
   952 | D:2      | Noticed a centaur
  1070 | D:2      | Killed a centaur
  1070 | D:2      | Reached skill level 3 in Axes
  1070 | D:2      | Reached XP level 4. HP: 11/40 MP: 6/6
  1335 | D:2      | Reached XP level 5. HP: 46/46 MP: 7/7
  1387 | D:2      | Reached ** piety under Lugonu
  2101 | D:3      | Found an ornate altar of the Wu Jian Council.
  2112 | D:3      | Reached skill level 4 in Axes
  2181 | D:3      | Reached *** piety under Lugonu
  2232 | D:3      | Reached XP level 6. HP: 47/52 MP: 8/8
  2319 | D:3      | Found a burning altar of Makhleb.
  2319 | D:3      | Found a sparkling altar of Nemelex Xobeh.
  2319 | D:3      | Found a sacrificial altar of Ru.
  2319 | D:3      | Found a white marble altar of Elyvilon.
  2326 | D:3      | Found a blossoming altar of Fedhas.
  2326 | D:3      | Found a shimmering altar of Xom.
  2395 | D:3      | Noticed Ijyb
  2402 | D:3      | Killed Ijyb
  2727 | D:3      | Reached skill level 5 in Axes
  2949 | D:4      | Reached XP level 7. HP: 40/60 MP: 9/9
  3089 | D:4      | Found a hide-covered altar of Uskayaw.
  3202 | D:4      | Got a bloodstained hand axe
  3203 | D:4      | Identified the +4 hand axe of Objectivity {vorpal, rC+}
                  | (You found it on level 4 of the Dungeon)
  3307 | D:4      | Noticed Sigmund
  3316 | D:4      | Killed Sigmund
  3316 | D:4      | Reached **** piety under Lugonu
  3316 | D:4      | Reached skill level 6 in Axes
  3457 | D:4      | Reached skill level 1 in Dodging
  3777 | D:5      | Entered Level 5 of the Dungeon
  3780 | D:5      | Noticed Pikel
  3806 | D:4      | Reached skill level 5 in Fighting
  3854 | D:4      | Mangled by Pikel

Levels and vault maps discovered:
D:1:      tarquinn_simple_flora_water_d, layout_loops_cross,
          minmay_misc_feat_nine_boxes
D:2:      minmay_diamond_boxcup, layout_loops_ring
D:3:      layout_loops_ring, lemuel_round_altar, minmay_overflow_temple_hex,
          uniq_ijyb
D:4:      layout_basic, lemuel_crystal_altar, first_ration,
          serial_park_tiny_pond, grunt_decor_one_mirror, uniq_sigmund
D:5:      layout_cave_pools, ashenzari_altar_1, uniq_crazy_yiuf_cottage,
          uniq_pikel, uniq_blork_the_orc

Skill      XL: |  1  2  3  4  5  6  7 |
---------------+----------------------+-----
Axes           | 2 3 4 5 6 |  6.7
Armour         | 2 |  2.9
Fighting       | 4 5 |  5.0
Dodging        | 1 |  1.0
Invocations    | |  2.9

Action                   |  1- 3 |  4- 6 |  7- 9 || total
-------------------------+-------+-------+-------++-------
Melee: Broad axe         |    70 |   179 |    71 ||   320
       Kick              |    12 |    21 |     9 ||    42
Invok: Depart the Abyss  |     1 |       |       ||     1
       Bend Space        |       |       |     1 ||     1
  Use: Scroll            |     2 |     5 |     2 ||     9
  Eat: Chunk             |       |     5 |     2 ||     7
Armor: Chain mail        |    56 |   154 |    62 ||   272
Dodge: Dodged            |    20 |    37 |    18 ||    75

Table legend:
 A = Non-vault XP
 B = Vault XP
 C = Vault XP percentage of total XP
 D = Non-vault monster count
 E = Vault monster count
 F = Vault count percentage of total count
                 A         B        C        D         E       F
            +---------+---------+-------+---------+---------+-------
      Total |    1149 |     261 |  18.5 |     122 |      11 |   8.3
            +---------+---------+-------+---------+---------+-------
        D:1 |      66 |       0 |   0.0 |      30 |       0 |   0.0
        D:2 |     180 |      13 |   6.7 |      23 |       9 |  28.1
        D:3 |     275 |      36 |  11.6 |      42 |       1 |   2.3
        D:4 |     617 |     212 |  25.6 |      24 |       1 |   4.0
        D:5 |      11 |       0 |   0.0 |       3 |       0 |   0.0
            +---------+---------+-------+---------+---------+-------
